 Dungeon Crawl Stone Soup version 0.15.1-3-g1b33baa (webtiles) character file.

861 Chiseanne the Shield-Bearer (level 8, 0/69 HPs)
             Began as a Formicid Fighter on Oct 4, 2014.
             Slain by a centaur (5 damage)
             ... on Level 8 of the Dungeon.
             The game lasted 00:14:12 (3084 turns).

Chiseanne the Shield-Bearer (Formicid Fighter)      Turns: 3084, Time: 00:14:13

HP   0/69        AC 15     Str 22      XL: 8   Next: 22%
MP  11/11        EV  6     Int  9      God:
Gold 151         SH 11     Dex 12      Spells:  0 memorised,  7 levels left

rFire  . . .     SeeInvis +     a - +3 battleaxe
rCold  . . .     Clarity  .     j - +0 plate armour
rNeg   . . .     rCorr    .     c - +0 shield
rPois  +         rRot     .     (helmet unavailable)
rElec  .         Spirit   .     f - +0 cloak
SustAb .         Warding  .     (no gloves)
rMut   .         Stasis   +     (no boots)
Gourm  .                        (no amulet)
MR     .....                    b - ring of poison resistance
                                l - +2 ring of protection

@: not resistant to hostile enchantments, extremely unstealthy
A: permanent stasis, dig shafts and tunnels, four strong arms, antennae 3, agile
1, robust 1
a: Dig, Shaft Self


You were on level 8 of the Dungeon.
You were hungry.

You visited 1 branch of the dungeon, and saw 6 of its levels.

You collected 183 gold pieces.
You spent 32 gold pieces at shops.

Inventory:

Hand weapons
 a - a +3 battleaxe (weapon)
 h - a +1 dire flail
Missiles
 e - 14 poisoned needles
Armour
 c - a +0 shield (worn)
 f - a +0 cloak (worn)
 j - a +0 plate armour (worn)
Magical devices
 m - a wand of disintegration (10)
 o - a wand of digging (6)
Comestibles
 d - 4 bread rations
 g - a meat ration
 k - a beef jerky
 n - a royal jelly
 v - a slice of pizza
 w - 3 chunks of goliath beetle flesh
Scrolls
 r - a scroll of fear
Jewellery
 b - a ring of poison resistance (right hand)
 l - a +2 ring of protection (left hand)
Potions
 q - a potion of mutation
Books
 t - a book of Dreams

   Spells                             Type                      Level
   Ensorcelled Hibernation            Hexes/Ice                    2
   Flight                             Charms/Air                   3
   Phase Shift                        Translocation                5
   Shadow Creatures                   Summoning                    5
   Mass Confusion                     Hexes                        6
   Darkness                           Hexes                        7


   Skills:
 - Level 5.5 Fighting
 * Level 3.0 Axes
 * Level 5.9 Armour
 * Level 7.9 Shields


You had 7 spell levels left.
You didn't know any spells.

Dungeon Overview and Level Annotations

Branches:
Dungeon (8/15)
 Temple: D:4-7         Lair: D:8-11

Altars:
Qazlal
Yredelemnul

Shops:
D:6 %=


Innate Abilities, Weirdness & Mutations

Your are under a permanent stasis effect.
You can dig through walls and to a lower floor.
Your four strong arms can wield two-handed weapons with a shield.
You have a pair of large antennae on your head (SInv).
You are agile. (Dex +2)
You are robust (+10% HP).


Message History

You block the bat's attack.
The centaur hits you but does no damage.
You miss the bat.
Your plate armour prevents you from hitting the centaur.
The bat hits you but does no damage. The centaur barely misses you.
The centaur barely misses you. The bat completely misses you.
You block the centaur's attack.
Your plate armour prevents you from hitting the centaur.
You completely miss the bat. The bat hits you but does no damage.
The bat hits you.
* * * LOW HITPOINT WARNING * * *
You block the centaur's attack.
The centaur hits you but does no damage.
You barely miss the bat. You hit the centaur but do no damage.
The bat hits you but does no damage.
The centaur hits you but does no damage.
The centaur hits you.
* * * LOW HITPOINT WARNING * * *
The centaur hits you.
You die...

{ { { { {
##+
....####+##
b.{...§§§b.#
......§§§@§#
.....##§§c§#
. #§§.§#
#.§§.#
#....#
#....#
+....+
#....# ....


You could see a centaur and a bat.

Vanquished Creatures
  Edmund (D:4)
  A sky beast (D:6)
  An ogre (D:4)
  4 wights (D:6)
  A goliath beetle (D:6)
  An orc priest (D:4)
  A worker ant (D:4)
  Crazy Yiuf (D:2)
  2 orc wizards
  Jessica (D:2)
  Terence (D:2)
  A hound skeleton (D:4)
  8 adders
  3 worms
  A giant mite (D:4)
  3 giant geckos
  An ooze (D:2)
  11 orcs
  4 ball pythons (D:3)
  4 goblins
  6 hobgoblins
  5 jackals
  14 kobolds
  A quokka (D:3)
  9 bats
  4 giant cockroaches
  3 giant newts
  A hobgoblin skeleton (D:4)
  5 rats
99 creatures vanquished.

Notes
Turn   | Place    | Note
--------------------------------------------------------------
     0 | D:1      | Chiseanne, the Formicid Fighter, began the quest for the Orb.
     0 | D:1      | Reached XP level 1. HP: 18/18 MP: 1/1
    65 | D:1      | Reached XP level 2. HP: 22/24 MP: 3/3
   151 | D:1      | Reached skill level 4 in Shields
   352 | D:1      | Reached XP level 3. HP: 29/29 MP: 4/4
   533 | D:2      | Noticed Terence
   540 | D:2      | Killed Terence
   592 | D:2      | Noticed Jessica
   599 | D:2      | Killed Jessica
   599 | D:2      | Reached XP level 4. HP: 23/37 MP: 5/5
  1213 | D:2      | Noticed Crazy Yiuf
  1228 | D:2      | Killed Crazy Yiuf
  1228 | D:2      | Reached skill level 5 in Shields
  1228 | D:2      | Reached XP level 5. HP: 29/43 MP: 7/7
  1896 | D:3      | Reached XP level 6. HP: 45/49 MP: 8/8
  2397 | D:4      | Reached skill level 5 in Fighting
  2397 | D:4      | Reached skill level 6 in Shields
  2589 | D:4      | Found a basalt altar of Yredelemnul.
  2592 | D:4      | Noticed Edmund
  2600 | D:4      | Reached XP level 7. HP: 56/56 MP: 9/9
  2601 | D:4      | Found a stormy altar of Qazlal.
  2612 | D:4      | Reached skill level 5 in Armour
  2620 | D:4      | Killed Edmund
  2771 | D:4      | Reached skill level 7 in Shields
  2788 | D:4      | You fall through a shaft for 2 floors!
  2788 | D:6      | Found Igenis' Jewellery Shoppe.
  2797 | D:6      | Gained mutation: You are agile. (Dex +2) [potion of mutation]
  2797 | D:6      | Gained mutation: You are robust (+10% HP). [potion of mutation]
  2902 | D:6      | Reached XP level 8. HP: 55/69 MP: 11/11
  2920 | D:6      | Found Ytuifoiq's Food Emporium.
  2923 | D:6      | Bought a beef jerky for 16 gold pieces
  2923 | D:6      | Bought a slice of pizza for 16 gold pieces
  3076 | D:6      | You fall through a shaft for 2 floors!
  3084 | D:8      | Slain by a centaur

Action                   |  1- 3 |  4- 6 |  7- 9 || total
-------------------------+-------+-------+-------++-------
Melee: War axe           |    68 |   211 |    38 ||   317
       Battleaxe         |       |       |    42 ||    42
 Abil: Shaft Self        |       |       |     2 ||     2
Evoke: Wand              |       |     4 |       ||     4
  Use: Potion            |     1 |       |     7 ||     8
       Scroll            |       |     8 |     2 ||    10
  Eat: Chunk             |       |     6 |     2 ||     8
